 Dungeon Crawl Stone Soup version 0.28-a0-1624-g820543e53a (webtiles) character file.

Game seed: 5198160968857163868

114 a3don the Insei (level 5, 0/38 HPs)
             Began as a Djinni Transmuter on Jan 23, 2022.
             Slain by a gnoll (13 damage)
             ... on level 3 of the Dungeon.
             The game lasted 00:05:00 (2869 turns).

a3don the Insei (Djinni Transmuter)                 Turns: 2869, Time: 00:05:00

Health: 0/38       AC:  2    Str:  9    XL:     5   Next: 19%
Gold:   65         EV: 12    Int: 17    God:
                   SH:  6    Dex: 13

rFire   + + .      SeeInvis .   a - +2 spear (vorpal)
rCold   x . .      Faith    .   l - +2 buckler
rNeg    . . .      Spirit   .   d - +0 robe
rPois   ∞          Reflect  .   (helmet currently unavailable)
rElec   .          Harm     .   (no cloak)
rCorr   .          Rampage  .   (no gloves)
Will    .....                   (boots unavailable)
Stlth   +.........              (no amulet)
HPRegen 0.12/turn               (no ring)
MPRegen 0.00/turn               (no ring)

@: appendages, flying
A: horns 2, flying, sickness immunity, fire resistance 2, cold vulnerability 1,
float, innate caster, hp casting, extra vitality 1
a: End Transformation


You were on level 3 of the Dungeon.
You had temporarily grown beastly horns.
You visited 1 branch of the dungeon, and saw 3 of its levels.

You collected 65 gold pieces.

Inventory:

Hand Weapons
 a - a +2 vorpal spear (weapon)
 b - a +0 hunting sling
 o - a +0 whip of flaming
Missiles
 g - 71 stones
Armour
 c - a +0 buckler
 d - a +0 robe (worn)
 l - a +2 buckler (worn)
Magical Staves
 n - a staff of death
Jewellery
 i - an amulet of faith
 k - an amulet of faith
Scrolls
 e - 2 scrolls of identify {unknown}
 f - a scroll of torment {unknown}
 h - a scroll of summoning {unknown}
 j - a scroll of vulnerability {unknown}
 m - a scroll of amnesia {unknown}
 p - a scroll of brand weapon {unknown}
 r - a scroll of noise {unknown}
Potions
 q - a potion of lignification {unknown}


   Skills:
 + Level 2.3 Fighting
 + Level 1.4 Polearms
 - Level 2.4 Dodging
 + Level 1.5 Shields
 - Level 3.1 Unarmed Combat
 + Level 2.3 Spellcasting


You couldn't memorise any spells.
You knew the following spells:

 Your Spells              Type           Power      Damage    Failure   Level
a - Beastly Appendage     Tmut           18%        N/A       10%         1
b - Wereblood             Tmut           9%         N/A       14%         2
c - Spider Form           Tmut/Pois      9%         N/A       28%         3
d - Ice Form              Ice/Tmut       9%         N/A       67%         4
e - Pain                  Necr           36%        1d5       10%         1
f - Scorch                Fire           18%        2d5       14%         2
Your spell library was empty.

Dungeon Overview and Level Annotations

Branches:
Dungeon (3/15)

Altars:
Makhleb

Shops:
D:2 [


Innate Abilities, Weirdness & Mutations

You have temporarily grown beastly horns.
You are flying.
You are immune to sickness and miasma.
You are immune to poison.
Your flesh is very heat resistant. (rF++)
You are vulnerable to cold. (rC-)
You float through the air rather than walking.
You learn spells naturally, not from books.
Your magical power is your life essence.
You have superior vitality. (+4 MHP)


Message History

The gnoll shouts!
You hear a shout!
A gnoll comes into view. It is wielding a +0 club.
The gnoll shouts! x2
A gnoll comes into view. It is wielding a +0 flail.
Casting: Beastly Appendage (safe; 10% risk of failure)
Confirm with . or Enter, or press ? or * to list all spells.
You grow a pair of large bovine horns.
Casting: Beastly Appendage (safe; 10% risk of failure)
Press: ? - help, Q - select action, (/) - cycle Dir - look around, f - activate
Okay, then.
You block the gnoll's attack.
You closely miss the gnoll. Your headbutt misses the gnoll.
You block the gnoll's attack.
You hit the gnoll.
The gnoll is lightly wounded.
Your transformation is almost over.
You barely miss the gnoll.
The gnoll is lightly wounded.
The gnoll barely misses you.
The gnoll hits you with a +2 halberd of venom!
The gnoll hits you from afar with a +2 halberd of venom.
You hit the gnoll.
The gnoll is heavily wounded.
You block the gnoll's attack. The gnoll misses you.
You hit the gnoll.
The gnoll is moderately wounded.
You hit the gnoll. You headbutt the gnoll.
You kill the gnoll!
Your horns disappear.
The gnoll closely misses you. You block the gnoll's attack.
Casting: Beastly Appendage (safe; 10% risk of failure)
Confirm with . or Enter, or press ? or * to list all spells.
You grow a pair of large bovine horns.
The gnoll hits you with a +0 flail!
The gnoll hits you from afar with a +0 spear.
Casting: Beastly Appendage (safe; 10% risk of failure)
Press: ? - help, Q - select action, (/) - cycle Dir - look around, f - activate
Okay, then.
The gnoll hits you with a +0 flail!
You die...

# #..... #. #...#
.# #.# ##.#.### .#
#.###..g...#..
#...###.#.#.#
.......####
#g#.#.# ..$g##.
#.....# #. #.
##g..## #. #.@.#
#. #####...####.
..###............
.................
#.###.............
#####...####..
#...# . ###.#.##
#......#


You could see 3 gnolls.

Vanquished Creatures
  2 adders (D:2)
  5 gnolls
  A dart slug (D:2)
  3 orcs (D:2)
  2 endoplasms (D:2)
  3 giant cockroaches
  5 goblins
  4 hobgoblins
  2 quokkas
  4 ball pythons
  A bat (D:1)
  3 frilled lizards
  5 kobolds
  5 rats
45 creatures vanquished.

Notes
Turn   | Place    | Note
-------+----------+-------------------------------------------
     0 | D:1      | a3don the Djinni Transmuter began the quest for the Orb.
     0 | D:1      | Reached XP level 1. HP: 17/17 MP: 0/0
   378 | D:1      | Reached XP level 2. HP: 18/22 MP: 0/0
   693 | D:1      | Reached XP level 3. HP: 23/27 MP: 0/0
   693 | D:1      | Learned a level 1 spell: Pain
  1662 | D:2      | Reached XP level 4. HP: 29/33 MP: 0/0
  1730 | D:2      | Reached skill level 1 in Polearms
  1730 | D:2      | Reached skill level 1 in Shields
  2291 | D:2      | Reached XP level 5. HP: 36/38 MP: 0/0
  2291 | D:2      | Learned a level 2 spell: Scorch
  2400 | D:2      | Found Jighoz's Armour Emporium.
  2800 | D:3      | Found a burning altar of Makhleb.
  2800 | D:3      | Noticed a blizzard demon
  2869 | D:3      | Slain by a gnoll

Illustrated notes

Levels and vault maps discovered:
D:1:      minmay_arrival_split_and_join, layout_loops_ring
D:2:      layout_basic, serial_shops, nicolae_shop_hallway_stairs,
          guppyfry_early_orc_mine
D:3:      layout_loops_cross, nicolae_overflow_hidden_temple,
          makhleb_altar_promises_db,
          nicolae_gozag_cash_rules_everything_around_me, serial_shops, shop,
          shapermc_ecumenical_altar_flowoftime, minmay_misc_feat_encased,
          minmay_joined_circles, uniq_jessica

Skill      XL: |  1  2  3  4 |
---------------+-------------+-----
Spellcasting   | 2 |  2.3
Fighting       | 2 |  2.3
Polearms       | 1 |  1.4
Shields        | 1 |  1.5
Dodging        | |  2.4
Unarmed Combat | |  3.1

Action                   |  1- 3 |  4- 6 || total
-------------------------+-------+-------++-------
Melee: Spear             |    63 |    60 ||   123
       Headbutt          |     1 |     6 ||     7
 Fire: Hunting sling     |       |     3 ||     3
 Cast: Beastly Appendage |     4 |     5 ||     9
       Wereblood         |       |     1 ||     1
  Use: Potion            |       |     3 ||     3
 Stab: Sleeping          |     2 |       ||     2
Armor: Robe              |     3 |     4 ||     7
Dodge: Dodged            |    24 |    28 ||    52
Block: Buckler           |    11 |    22 ||    33

Table legend: (Time is in decaauts)
 A = Elapsed time spent in this place.
 B = Non-inter-level travel time spent in this place.
 C = Inter-level travel time spent in this place.
 D = Time resting spent in this place.
 E = Time spent auto-exploring this place.
 F = Levels seen in this place.
 G = Mean time per level.
                   A        B        C        D        E       F      G
               +--------+--------+--------+--------+--------+-----+--------+
         Total |   2889 |   2771 |    118 |    540 |   1811 |   3 |  963.0 |
       Dungeon |   2889 |   2771 |    118 |    540 |   1811 |   3 |  963.0 |
               +--------+--------+--------+--------+--------+-----+--------+

Top non-repeatable levels by time:
     D:1: 1568 daAuts
     D:2: 1240 daAuts
     D:3: 80 daAuts
